 Dungeon Sprint DCSS version 0.17-a0-1719-g1afd5a1 (webtiles) character file.

483 hexophile the Transmogrifier (level 6, 0/32 HPs)
             Began as a Spriggan Transmuter on Aug 28, 2015.
             Was a Believer of Cheibriados.
             Slain by a troll (18 damage)
             ... in the Dungeon (Sprint IX: "|||||||||||||||||||||||||||||").
             The game lasted 00:02:57 (458 turns).

hexophile the Transmogrifier (Spriggan Transmuter)   Turns: 458, Time: 00:02:58

Health: 0/32       AC:  3    Str: 11    XL:     6   Next: 88%
Magic:  7/11       EV: 25    Int: 20    God:    Cheibriados [**....]
Gold:   0          SH:  0    Dex: 20    Spells: 3 memorised, 1 level left

rFire  . . .     SeeInvis +       - Unarmed
rCold  . . .     Clarity  .     b - +0 robe
rNeg   . . .     SustAt   .     (shield currently unavailable)
rPois  .         Gourm    .     (helmet restricted)
rElec  .         Spirit   .     q - +0 cloak
rCorr  .         Warding  .     (gloves unavailable)
rMut   .         NoTele   +     (boots unavailable)
MR     +....                    (no amulet)
Stlth  ++........               s - +2 ring of evasion
                                r - +2 ring of evasion

@: blade hands (expiring), slow, somewhat resistant to hostile enchantments,
unstealthy
A: unfitting armour, see invisible, herbivore 3, speed 3, slow metabolism 2
a: End Transformation, Bend Time, Renounce Religion


You were in the Dungeon.
You worshipped Cheibriados.
Cheibriados was pleased with you.
You were not hungry.
You had blades for hands.
You visited 1 branch

Inventory:

Hand weapons
 p - a +0 lajatang
Missiles
 a - 21 arrows
 t - 14 arrows of flame
Armour
 b - a +0 robe (worn)
 q - a +0 cloak (worn)
Magical staves
 o - an uncursed staff of energy
Jewellery
 r - a +2 ring of evasion (left scythe-like blade)
 s - a +2 ring of evasion (right scythe-like blade)
Magical devices
 n - a wand of draining (5)
Scrolls
 j - 2 scrolls of blinking
 l - 3 scrolls of remove curse
 m - 2 scrolls of amnesia
Potions
 e - 5 potions of curing
 f - a potion of invisibility
 g - a potion of haste
 h - 4 potions of magic
 i - a potion of berserk rage
 k - a potion of heal wounds
Books
 c - a book of Changes

   Spells                             Type                      Level
   a - Beastly Appendage              Transmutation                1
   b - Sticks to Snakes               Transmutation                2
   c - Spider Form                    Transmutation/Poison         3
   d - Ice Form                       Ice/Transmutation            4
   e - Blade Hands                    Transmutation                5
Comestibles
 d - a bread ration


   Skills:
 * Level 3.0 Fighting
 + Level 4.8 Dodging
 * Level 7.7 Unarmed Combat
 - Level 2.6 Spellcasting
 - Level 13.9 Transmutations


You had one spell level left.
You knew the following spells:

 Your Spells              Type           Power        Failure   Level  Hunger
a - Blade Hands           Trmt           ######....   17%         5    ######.
b - Beastly Appendage     Trmt           ######       6%          1    None
c - Spider Form           Trmt/Pois      ####......   24%         3    ###....


Dungeon Overview and Level Annotations

Branches:
Dungeon (1/1)

Altars:
Cheibriados
Dithmenos
Elyvilon
Fedhas
Gozag
Kikubaaqudgha
Makhleb
Nemelex Xobeh
Okawaru
Qazlal
Ru
Sif Muna
Trog
Vehumet
Xom
Yredelemnul
Zin
The Shining One
Beogh
Jiyva
Lugonu


Innate Abilities, Weirdness & Mutations

You are tiny and cannot use many weapons and most armour.
You have supernaturally acute eyesight.
You are a herbivore.
You cover ground extremely quickly.
You need consume almost no food.


Message History

The troll is lightly wounded.
The troll completely misses you. The troll barely misses you.
The troll barely misses you.
You hit the troll.
The troll is moderately wounded.
The troll misses you. The troll closely misses you.
The troll barely misses you.
You hit the troll.
The troll is moderately wounded.
The troll misses you. The troll claws you. The troll misses you.
The kobold demonologist casts a spell.
You slash the troll!
The troll is severely wounded.
The troll bites you! The troll closely misses you. The troll misses you.
You slash the troll!
The troll is almost dead.
Your transformation is almost over.
The troll bites you!!
Ouch! That really hurt!
You die...

▓+▓
▓5▓
▓K▓
▓Z▓
▓h▓
▓C▓
▓T▓
▓@▓
▓.▓
▓.▓
▓.▓
▓)▓
▓.▓
▓)▓
▓)▓
▓.▓


You could see a cyclops, a kobold demonologist, a troll, a hound, an iron imp
and a giant cockroach zombie.

Vanquished Creatures
  A deep elf mage (D)
  An ogre (D)
  2 centaurs (D)
  A crimson imp (D)
  An iguana (D)
  A worker ant (D)
  A giant gecko (D)
  An orc (D)
  A bat (D)
  A bat skeleton (D)
  A hobgoblin (D)
  A jackal (D)
  2 kobolds (D)
  A giant cockroach (D)
  A rat (D)
17 creatures vanquished.

Notes
Turn   | Place    | Note
--------------------------------------------------------------
     0 | D        | hexophile the Spriggan Transmuter began the quest for the Orb.
     0 | D        | Reached XP level 1. HP: 9/9 MP: 5/5
    14 | D        | Reached skill level 4 in Transmutations
   194 | D        | Noticed a worker ant
   194 | D        | Noticed a crimson imp
   196 | D        | Reached skill level 5 in Transmutations
   199 | D        | Reached XP level 2. HP: 7/14 MP: 4/6
   210 | D        | Killed a worker ant
   210 | D        | Reached skill level 7 in Transmutations
   210 | D        | Reached XP level 3. HP: 17/17 MP: 6/8
   279 | D        | Found a glowing silver altar of Zin.
   279 | D        | Found a glowing golden altar of the Shining One.
   279 | D        | Found an ancient bone altar of Kikubaaqudgha.
   279 | D        | Found a basalt altar of Yredelemnul.
   279 | D        | Found a shimmering altar of Xom.
   279 | D        | Found a radiant altar of Vehumet.
   280 | D        | Found an iron altar of Okawaru.
   281 | D        | Found a burning altar of Makhleb.
   283 | D        | Found a deep blue altar of Sif Muna.
   284 | D        | Found a bloodstained altar of Trog.
   285 | D        | Found a sparkling altar of Nemelex Xobeh.
   286 | D        | Found a white marble altar of Elyvilon.
   287 | D        | Found a roughly hewn altar of Beogh.
   288 | D        | Found a viscous altar of Jiyva.
   289 | D        | Found a corrupted altar of Lugonu.
   290 | D        | Found a blossoming altar of Fedhas.
   291 | D        | Found a snail-covered altar of Cheibriados.
   292 | D        | Found a shadowy altar of Dithmenos.
   293 | D        | Found a stormy altar of Qazlal.
   294 | D        | Found an opulent altar of Gozag.
   295 | D        | Found a sacrificial altar of Ru.
   299 | D        | Became a worshipper of Cheibriados the Contemplative
   347 | D        | Killed a crimson imp
   347 | D        | Reached skill level 8 in Transmutations
   347 | D        | Reached XP level 4. HP: 21/21 MP: 5/9
   380 | D        | Noticed a centaur
   380 | D        | Noticed a centaur
   380 | D        | Noticed an iguana
   380 | D        | Noticed an ogre
   383 | D        | Killed an iguana
   383 | D        | Reached skill level 9 in Transmutations
   383 | D        | Killed a centaur
   383 | D        | Reached skill level 5 in Unarmed Combat
   383 | D        | Reached skill level 11 in Transmutations
   383 | D        | Reached XP level 5. HP: 25/25 MP: 7/10
   386 | D        | Killed an ogre
   386 | D        | Reached skill level 12 in Transmutations
   392 | D        | Killed a centaur
   392 | D        | Acquired Cheibriados's first power
   392 | D        | Reached skill level 13 in Transmutations
   392 | D        | Reached XP level 6. HP: 27/29 MP: 8/11
   441 | D        | Learned a level 5 spell: Blade Hands
   445 | D        | Learned a level 3 spell: Spider Form
   449 | D        | Noticed a kobold demonologist
   449 | D        | Noticed a hound
   449 | D        | Noticed a cyclops
   449 | D        | Noticed a troll
   449 | D        | Noticed a deep elf mage
   453 | D        | Killed a deep elf mage
   458 | D        | Slain by a troll

Vault maps used:
D:        linesprint

Action                   |  1- 3 |  4- 6 || total
-------------------------+-------+-------++-------
Melee: Unarmed           |    79 |    30 ||   109
 Cast: Beastly Appendage |     5 |     1 ||     6
       Blade Hands       |       |     1 ||     1
Invok: Bend Time         |     1 |       ||     1
 Abil: End Transformatio |     1 |       ||     1
Evoke: Wand              |       |     2 ||     2
  Use: Potion            |     2 |       ||     2
